[Event "ESP-chT Honor Division 2022"]
[Site "Linares"]
[Date "2022.09.22"]
[Round "6.1"]
[White "Shirov, Alexei"]
[Black "Gines Esteo, Pedro Antonio"]
[Result "1/2-1/2"]
[ECO "A28"]
[WhiteElo "2673"]
[BlackElo "2505"]
[Annotator "TA"]
[PlyCount "92"]
[EventDate "2022.09.17"]
[EventType "team-tourn"]
[EventCountry "ESP"]
[SourceTitle "playchess.com"]
[Source "ChessBase"]
[SourceQuality "1"]
[TimeControl "5400+30"]

1. c4 e5 2. Nc3 Nf6 3. Nf3 Nc6 4. e4 h6 5. Be2 Bc5 {[%emt 0:01:48] [#]} ({Black should try} 5... Bb4 $11) 6. Nxe5 $1 $14 {[%emt 0:02:44] A28: English Opening: Four Knights Variation.} Nxe5 7. d4 {[%emt 0:00:08] [#]} Bb4 $146 ({Predecessor:} 7... Bxd4 8. Qxd4 Nc6 9. Qd1 O-O 10. O-O Re8 11. f3 d6 12. b3 Bd7 {1-0 (36) Dong,R (1571)-Sousa,D (1375) Ferreira do Alentejo 2019}) 8. dxe5 {[%emt 0:23:27] White is slightly better.} Nxe4 9. Qd3 Nxc3 10. bxc3 Be7 11. Qg3 {[%emt 0:01:06] White is much more active. The black rooks are badly placed.} g6 12. O-O d6 13. Rd1 Be6 14. Bf4 Rc8 15. exd6 cxd6 16. Bxd6 ({White should play} 16. Rxd6 $16 Bxd6 17. Bxd6) 16... Bxd6 $11 17. Rxd6 Qg5 18. Qf3 Qe7 19. Rad1 O-O 20. Qe3 b6 (20... Rfe8 $1 $11) 21. Bg4 $36 {[%emt 0:08:54][%cal Rd6e6][%mdl 2048] White is in control.} Rfd8 22. R6d5 ({Inferior is} 22. Bxe6 Rxd6 23. Rxd6 Qxd6 $17) 22... Re8 $1 23. Re5 {[%emt 0:00:16] Black must now prevent Bxe6.} Qf6 24. f4 Rxc4 25. Rd4 {[%emt 0:00:09] Strongly threatening Rxc4.} (25. Rf1 {is more complex.} Rcc8 26. f5 Bd7 27. Rxe8+ Rxe8 28. Qxh6 Bb5 29. Rc1) 25... Rxd4 ({Better is} 25... Rc6 $11) 26. cxd4 $14 {[%emt 0:00:05] Threatens to win with d5.} Rd8 {[%emt 0:00:08] Prevents d5.} 27. Bxe6 fxe6 28. Rxe6 Qxd4 29. Rxg6+ Kh7 {[%emt 0:04:39] [#]} 30. Qxd4 (30. Re6 $1 $16) 30... Rxd4 $16 {[%emt 0:00:02][%mdl 4096] Endgame KR-KR. The position is equal.} 31. Re6 Ra4 32. Re2 Rxf4 33. Re7+ Kg6 34. Rxa7 Rc4 35. Kf2 Rc2+ 36. Kg3 Rc3+ 37. Kh4 Rc2 38. Kh3 h5 39. a4 {[%emt 0:01:32] aiming for Ra6.} Ra2 40. g3 Kg5 41. Ra6 Rb2 42. Ra8 Ra2 43. Rg8+ Kh6 44. g4 hxg4+ 45. Rxg4 b5 46. axb5 {[%emt 0:00:05] And now Rb4 would win.} Rb2 {[%emt 0:00:06] Inhibits Rb4.  Weighted Error Value: White=0.11 (very precise) /Black=0.10 (very precise)} 1/2-1/2

[Event "ESP-chT Honor Division 2022"]
[Site "Linares"]
[Date "2022.09.22"]
[Round "6.2"]
[White "Ayats Llobera, Gerard"]
[Black "Alekseenko, Kirill"]
[Result "1-0"]
[ECO "C79"]
[WhiteElo "2451"]
[BlackElo "2707"]
[Annotator "TA"]
[PlyCount "71"]
[EventDate "2022.09.17"]
[EventType "team-tourn"]
[EventCountry "ESP"]
[SourceTitle "playchess.com"]
[Source "ChessBase"]
[SourceQuality "1"]
[TimeControl "5400+30"]

1. e4 e5 2. Nf3 Nc6 3. Bb5 a6 4. Ba4 Nf6 5. O-O d6 6. Re1 Bd7 {[%emt 0:00:52] C79: Ruy Lopez: Steinitz-type lines with 3...a6 4 Ba4 Nf6 5 0-0 d6.} 7. c4 Bg4 {[%emt 0:02:52] [#]} 8. Qb3 $146 ({Predecessor:} 8. h3 Bxf3 9. Qxf3 Nd7 10. Bxc6 bxc6 11. Rd1 Be7 12. Nc3 O-O 13. b4 Re8 14. Rb1 Nf8 15. Ne2 Ne6 16. d4 exd4 17. Nxd4 Nxd4 18. Rxd4 Bf6 19. Rd1 Qe7 20. e5 {½-½ (20) Brodsky,M (2510)-Malaniuk,V (2610) St Petersburg 1996}) 8... Rb8 {[%emt 0:09:37] The position is equal.} 9. d4 Nd7 10. d5 Na7 11. h3 Bh5 12. Qe3 Nc8 13. b4 Be7 14. Nc3 O-O 15. g4 Bg6 16. Qe2 h6 17. Be3 Ncb6 18. Bb3 c5 (18... Bh7 $14) 19. dxc6 bxc6 20. c5 $1 dxc5 21. bxc5 Bxc5 {[%emt 0:00:20] [#]} 22. Nxe5 $1 Nxe5 (22... Bxe3 23. Nxg6) 23. Bxc5 Qf6 {[%emt 0:01:12] Threatens to win with ...Nf3+.} 24. Kg2 {[%emt 0:05:13] Prevents Nf3.} Rfe8 25. Rad1 Nbd7 (25... Bh7 $16) 26. Bd6 {[%emt 0:05:49] A strong pair of Bishops.} Rbd8 {[%emt 0:05:18] [#]} (26... Rxb3 $142 27. axb3 h5) 27. Qe3 $1 $18 Bh7 (27... Nb8 $142) 28. f4 {[%emt 0:01:29] White is clearly winning.} Ng6 29. Bc7 {[%emt 0:03:12] e5 is the strong threat.} Nh4+ (29... Nxf4+ $142 30. Bxf4 Ne5) 30. Kg3 {[%emt 0:00:57] Hoping for e5.} g5 31. fxg5 hxg5 32. Rf1 {[%emt 0:00:31] Active counter play!} Bf5 33. gxf5 Nf8 34. Rxd8 Rxd8 35. Bxd8 Qe5+ 36. Kg4 {[%emt 0:00:09] Weighted Error Value: White=0.06 (flawless) /Black=0.37} 1-0

[Event "ESP-chT Honor Division 2022"]
[Site "Linares"]
[Date "2022.09.22"]
[Round "6.3"]
[White "Korobov, Anton"]
[Black "Masague Artero, Guerau"]
[Result "1-0"]
[ECO "E10"]
[WhiteElo "2671"]
[BlackElo "2308"]
[Annotator "TA"]
[PlyCount "53"]
[EventDate "2022.09.17"]
[EventType "team-tourn"]
[EventCountry "ESP"]
[SourceTitle "playchess.com"]
[Source "ChessBase"]
[SourceQuality "1"]
[TimeControl "5400+30"]

1. d4 Nf6 2. c4 e6 3. Nf3 d5 4. e3 c5 5. Nc3 Nc6 6. a3 cxd4 7. exd4 Be7 8. Bd3 dxc4 9. Bxc4 O-O 10. O-O b6 11. Re1 Bb7 12. Bg5 h6 {[%emt 0:02:33] E57: Nimzo-Indian: Rubinstein: Main Line: 7...Nc6 8 a3 dxc4 9 Bxc4 cxd4.} 13. Be3 Rc8 14. Ba2 {[%emt 0:04:18] [#]} Ng4 $146 ({Better is} 14... Bd6 $15) ({Predecessor:} 14... Na5 15. Ne5 Bxa3 16. Qd2 Bb4 17. Bxh6 Bxc3 18. bxc3 gxh6 19. Qxh6 Rxc3 20. Ng6 Nh7 21. Rxe6 Nb3 22. Bxb3 Rxb3 23. Ne7+ Kh8 24. Re5 Qxd4 25. Rae1 Qxe5 {0-1 (25) Cordova,E (2592)-Kopylov,M (2407) Chess.com INT 2020}) 15. d5 $11 exd5 16. Nxd5 Bd6 17. h3 Nxe3 18. Rxe3 Qd7 {[%emt 0:00:11] [#]} (18... Ne7 $11 19. Rd3 Ng6) 19. Qd3 $1 $18 {[%emt 0:04:05][%cal Od5f6] Intending Nf6+! and mate.} Rcd8 $2 {[%emt 0:05:24] [#] Loses the game.} (19... Qd8 $16) 20. Nf6+ $1 {[%emt 0:01:56][%mdl 512] White mates.} gxf6 21. Qg6+ $1 Kh8 22. Qxh6+ Kg8 23. Qg6+ Kh8 24. Qxf6+ Kg8 25. Ng5 Bh2+ 26. Kh1 Ne5 27. Rxe5 {[%emt 0:00:31] Weighted Error Value: White=0.05 (flawless) /Black=0.70} 1-0

[Event "ESP-chT Honor Division 2022"]
[Site "Linares"]
[Date "2022.09.22"]
[Round "6.4"]
[White "Jimenez Ruano, Adrian"]
[Black "Alonso Rosell, Alvar"]
[Result "0-1"]
[ECO "B31"]
[WhiteElo "2264"]
[BlackElo "2564"]
[Annotator "TA"]
[PlyCount "82"]
[EventDate "2022.09.17"]
[EventType "team-tourn"]
[EventCountry "ESP"]
[SourceTitle "playchess.com"]
[Source "ChessBase"]
[SourceQuality "1"]
[TimeControl "5400+30"]

1. e4 c5 2. Nf3 Nc6 3. Bb5 g6 4. O-O Bg7 5. Bxc6 dxc6 6. d3 e5 7. Be3 Qe7 8. Nc3 {[%emt 0:01:11] B31: Sicilian: 2...Nc6 3 Bb5 g6.} Bg4 $5 {[%emt 0:02:17][%mdl 4] [#] Exploring less charted territory.} 9. a3 $146 ({Predecessor:} 9. h3 Bxf3 10. Qxf3 Nf6 11. Qg3 Nh5 12. Qg4 O-O 13. a4 c4 14. dxc4 Qb4 15. Rab1 Qxc4 {½-½ (41) Wall,G (2413)-Shaw,J (2465) West Bromwich 2004}) 9... Nf6 10. b4 (10. h3 $11 Bxf3 11. Qxf3) 10... Nd7 ({Better is} 10... cxb4 $15 11. axb4 Qxb4) 11. h3 Bxf3 12. Qxf3 cxb4 13. axb4 Qxb4 14. Ne2 Qd6 15. c3 (15. Bxa7 $11 {remains equal.} b6 16. Ra6) 15... O-O $17 {[%emt 0:08:17] White is now going downhill.} ({And not} 15... Qxd3 16. Rfb1 $15) 16. d4 a5 17. Rfd1 b5 18. Qg3 Qe7 19. d5 (19. Bg5 $17 Qe8 20. Qh4) 19... c5 $19 20. Rdb1 b4 21. Bd2 Rfc8 22. Ra2 Nb6 23. Be1 Qd6 24. Qg5 Nc4 25. Qc1 Qb6 {[%emt 0:00:12] [#] Hoping for ...b3.} 26. cxb4 cxb4 27. Bxb4 $2 (27. Qd1 {was worth a try.}) 27... Rab8 {[%emt 0:06:58] Black is clearly winning.} ({Stronger than} 27... axb4 28. Rxa8 Rxa8 29. Qxc4 $15) 28. Rc2 {[%emt 0:01:07] [#]} Nd6 29. Bxd6 Rxc2 30. Qxc2 Qxb1+ 31. Qxb1 Rxb1+ {[%emt 0:00:05][%mdl 4096] Endgame KRB-KBN} 32. Kh2 Rb7 33. Nc3 f6 34. f4 exf4 35. Bxf4 Kf7 36. Kg1 Rb3 37. Na4 Bf8 38. d6 Rd3 39. Nc5 Rd1+ 40. Kf2 Bxd6 41. Ke2 Rd4 {[%emt 0:00:08] Weighted Error Value: White=0.46/Black=0.07 (flawless)} ({Worse is} 41... Bxf4 42. Kxd1 Bd6 43. Nb3 $17) 0-1

[Event "ESP-chT Honor Division 2022"]
[Site "Linares"]
[Date "2022.09.22"]
[Round "6.5"]
[White "Henderson de La Fuente, Lance"]
[Black "Rodriguez Redondo, Adhara"]
[Result "1/2-1/2"]
[ECO "E06"]
[WhiteElo "2504"]
[BlackElo "2112"]
[Annotator "TA"]
[PlyCount "73"]
[EventDate "2022.09.17"]
[EventType "team-tourn"]
[EventCountry "ESP"]
[SourceTitle "playchess.com"]
[Source "ChessBase"]
[SourceQuality "1"]
[TimeControl "5400+30"]

1. d4 d5 2. c4 e6 3. Nf3 Nf6 4. g3 Be7 5. Bg2 O-O 6. O-O dxc4 7. Qc2 a6 8. a4 Bd7 9. Qxc4 Bc6 10. Bg5 Bd5 11. Qd3 Be4 12. Qb3 {[%emt 0:05:35] E05: Open Catalan: 5 Nf3 Be7.} (12. Qe3 $5 Nbd7 13. Nc3 $11) 12... Bd5 13. Qd1 {[%emt 0:04:33] [#]} a5 $146 ({Predecessor:} 13... Nbd7 14. Nc3 Bxf3 15. Bxf3 c6 16. Qb3 Qb6 17. Qxb6 Nxb6 18. Bxf6 Bxf6 19. e3 Nc4 {1-0 (100) Tokman,A (2316)-Shuvalova,P (2454) Chess.com INT 2020}) 14. Nc3 {[%emt 0:01:07] The position is equal.} c6 15. Re1 Bxf3 16. Bxf3 h6 17. Bxf6 Bxf6 18. e3 Qb6 19. Qe2 Na6 20. Ne4 Be7 21. h4 Nb4 22. Rec1 Rfd8 23. Rc4 Nd5 24. Rac1 Qc7 25. b3 Ra6 26. Kg2 Rb6 27. Qb2 Rb4 28. Bd1 Nb6 29. Rxb4 Bxb4 30. Bf3 Qe7 {[%emt 0:01:02] Hoping for ...Ba3.} 31. Rc2 Nd5 32. Qa1 Ra8 (32... f5 $5 33. Nd2 e5 $15) 33. Be2 Rd8 34. Bc4 Nf6 35. Bd3 Nd5 36. Rc1 {[%emt 0:01:29] [#]} (36. Bc4 $11) 36... e5 $1 $17 37. Rd1 {[%emt 0:02:39] Weighted Error Value: White=0.18 (very precise) /Black=0.09 (flawless)} (37. Qb1 $17 {is a better defense.}) 1/2-1/2

[Event "ESP-chT Honor Division 2022"]
[Site "Linares"]
[Date "2022.09.22"]
[Round "6.6"]
[White "Cano Sevilla, Ivan"]
[Black "Cramling, Pia"]
[Result "1/2-1/2"]
[ECO "B43"]
[WhiteElo "2076"]
[BlackElo "2468"]
[Annotator "TA"]
[PlyCount "134"]
[EventDate "2022.09.17"]
[EventType "team-tourn"]
[EventCountry "ESP"]
[SourceTitle "playchess.com"]
[Source "ChessBase"]
[SourceQuality "1"]
[TimeControl "5400+30"]

1. e4 c5 2. Nf3 e6 3. d4 cxd4 4. Nxd4 a6 5. Nc3 b5 6. Be3 Bb7 7. f3 Qc7 8. Qd2 {[%emt 0:13:08] B43: Sicilian: Kan Variation: 5 Nc3.} Nf6 9. a3 Be7 10. Be2 {[%emt 0:01:22] The position is equal.} (10. Bf4 $5 d6 11. Nb3 $11) 10... Nc6 11. Nxc6 dxc6 {[%emt 0:02:37] [#]} 12. Bf4 $146 ({Predecessor:} 12. O-O O-O 13. f4 Rfd8 14. Qe1 c5 15. e5 Nd5 16. Nxd5 Bxd5 17. Bf3 c4 18. c3 Bxf3 19. Rxf3 {0-1 (43) Boghi,V-Borensztajn,D (1872) Rio de Janeiro 2014}) 12... e5 13. Bg3 (13. Be3 $11) 13... Nh5 $15 14. O-O-O Rd8 15. Qe3 O-O 16. Rxd8 (16. Bf2 $11) 16... Rxd8 17. Rd1 h6 {[%emt 0:07:11] [#] And now ...Bg5 would win.} 18. Rxd8+ Bxd8 19. Qa7 Nxg3 20. hxg3 Bc8 (20... Kh7 {keeps more tension.} 21. Nd1 Kg6 22. b4 c5) 21. Qxc7 Bxc7 $11 {[%emt 0:00:02][%mdl 4096] Endgame KBB-KBN} 22. Nd1 Bb6 23. Kd2 g6 24. c4 Kf8 25. cxb5 axb5 26. Nc3 h5 27. Na2 Bf2 28. Nb4 Bd7 ({But not} 28... Bxg3 29. Nxc6 f5 30. exf5 $16 (30. Bxb5 fxe4 31. fxe4 g5 $14)) 29. g4 hxg4 30. fxg4 Ke7 31. Nd3 Bd4 32. b4 {[%emt 0:00:32] Inhibits c5.} (32. g5 $17 {might work better.}) 32... Kd6 (32... Kf6 $19 {...Kg5 is the strong threat.} 33. Ne1 c5) 33. Kc2 Be3 34. a4 bxa4 35. Nb2 {[%emt 0:00:32] aiming for Nc4+.} Ke7 36. Nxa4 Kf6 37. Nb2 (37. Kd3 $17 {keeps fighting.} Bf2 38. Bd1) 37... Bb6 ({Black should try} 37... Kg5 $19 {Strongly threatening ...Bd4.} 38. Nc4 Bd4) 38. Nc4 {[%emt 0:01:45] [#]} (38. Nd3 $142) 38... Bc7 $1 $17 39. Ne3 Kg5 40. Kd3 f6 {[%emt 0:02:26] Threatens to win with ...Bd6.} 41. g3 Bb6 42. Kd2 Bxe3+ 43. Kxe3 Bxg4 {[%emt 0:00:07] KB-KB} 44. Ba6 Be6 45. Bb7 Bd7 46. Kf3 f5 47. Ba8 Kf6 48. Bb7 Ke7 49. Ke3 Kd6 50. Ba6 Be6 51. Be2 Kc7 52. Ba6 Kd6 53. Be2 $1 Bd7 54. Ba6 $1 Ke6 55. Bb7 Kf6 56. Kf3 $1 Kg5 57. Ba8 Be8 ({Black should play} 57... Kh6 $17 58. Bb7 Kg5) 58. Bb7 $15 {[%emt 0:01:00] Black is slightly better.} Kf6 59. Ke3 fxe4 60. Kxe4 Bd7 61. Ba8 Ke6 62. Bb7 Kd6 63. Ke3 Bf5 64. Ba6 Kc7 65. Be2 g5 66. Bc4 Kd6 67. Ba6 Kd5 {And White is the lucky defender.  Weighted Error Value: White=0.09 (flawless) /Black=0.16 (very precise)} 1/2-1/2

[Event "ESP-chT Honor Division 2022"]
[Site "Linares"]
[Date "2022.09.22"]
[Round "6.7"]
[White "Eljanov, Pavel"]
[Black "Cheparinov, Ivan"]
[Result "1/2-1/2"]
[ECO "A20"]
[WhiteElo "2695"]
[BlackElo "2686"]
[Annotator "TA"]
[PlyCount "78"]
[EventDate "2022.09.17"]
[EventType "team-tourn"]
[EventCountry "ESP"]
[SourceTitle "playchess.com"]
[Source "ChessBase"]
[SourceQuality "1"]
[TimeControl "5400+30"]

1. c4 e5 2. g3 Nf6 3. Bg2 c6 4. d4 e4 5. Bg5 Bb4+ 6. Nc3 {[%emt 0:02:22] A20: English Opening: 1...e5.} d5 7. Qb3 Bxc3+ 8. Qxc3 {[%emt 0:04:33] [#]} Be6 $146 ({Predecessor:} 8... O-O 9. f3 dxc4 10. Bxf6 Qxf6 11. fxe4 c5 12. e5 cxd4 13. exf6 dxc3 14. fxg7 Re8 15. bxc3 {½-½ (40) McShane,L (2647)-Anand,V (2783) Germany 2018}) 9. Nh3 Nbd7 10. Nf4 Bf5 (10... h6 $14 11. Nxe6 fxe6) 11. cxd5 $16 cxd5 {[%emt 0:00:08] [#]} 12. Qa3 $1 {[%emt 0:00:09] Black must now prevent Nxd5.} Nb6 (12... h6 $16 13. Nh5 Rh7 14. Nxf6+ Nxf6) 13. Nh5 $18 Rg8 14. b3 Qe7 {[%emt 0:01:41] [#]} 15. Qa5 Bg4 16. Bxf6 gxf6 17. Nf4 O-O-O 18. O-O Kb8 19. Rac1 Be6 20. Rc5 Qd6 21. Rfc1 Rc8 22. Qb4 {[%emt 0:04:09] aiming for Rxc8+.} Rc6 23. Qa5 (23. Qd2 $16) 23... Rgc8 $2 (23... Rcc8 $1 $11) 24. e3 Rxc5 25. dxc5 ({Much less strong is} 25. Rxc5 Rc6 $16) 25... Qe7 26. Bf1 {[%emt 0:10:58] White is much more active.} ({White should play} 26. Qc3) 26... Nd7 $16 27. b4 Ne5 28. Rd1 Rd8 29. b5 d4 30. exd4 {[%emt 0:03:45] And now Be2 would win.} ({Stronger than} 30. b6 Nc6 31. bxa7+ Ka8 $15) 30... Rxd4 31. Rxd4 {[%emt 0:03:10] White wants to mate with Rd8+.} Nf3+ 32. Kh1 {[%emt 0:01:01] Rd8+ would kill now.} Nxd4 33. Qc3 (33. Qb4 $16 Qd8 34. c6) 33... Qd8 34. a4 (34. Qd2 $16) 34... Nf3 $1 $11 {[%emt 0:01:42] The position is equal.} 35. Kg2 Qd1 36. Nxe6 Ne1+ 37. Kg1 Nf3+ 38. Kg2 Ne1+ 39. Kg1 Nf3+ $1 {[%emt 0:00:05] Blacks defense is rewarded with a draw.  Weighted Error Value: White=0.17 (very precise) /Black=0.19 (very precise)} 1/2-1/2

[Event "ESP-chT Honor Division 2022"]
[Site "Linares"]
[Date "2022.09.22"]
[Round "6.8"]
[White "Santos Latasa, Jaime"]
[Black "Jones, Gawain C B"]
[Result "0-1"]
[ECO "E94"]
[WhiteElo "2680"]
[BlackElo "2623"]
[Annotator "TA"]
[PlyCount "80"]
[EventDate "2022.09.17"]
[EventType "team-tourn"]
[EventCountry "ESP"]
[SourceTitle "playchess.com"]
[Source "ChessBase"]
[SourceQuality "1"]
[TimeControl "5400+30"]

1. Nf3 Nf6 2. c4 g6 3. Nc3 Bg7 4. e4 d6 5. d4 O-O 6. Be2 e5 7. O-O h6 {[%emt 0:00:21] E94: King's Indian: Classical: 6 Be2 e5 7 0-0: Various Black 7th moves.} 8. Re1 a5 $5 {[%emt 0:00:30][%mdl 4] A promising side line.} 9. Rb1 Na6 {[%emt 0:11:32] White is slightly better.} 10. b3 Re8 11. d5 Nh7 {[%emt 0:08:30] [#]} 12. a3 $146 ({Predecessor:} 12. g3 Rf8 13. a3 f5 14. Nh4 Qf6 15. b4 Nxb4 16. axb4 axb4 17. Rxb4 f4 18. Rb2 {0-1 (60) Sapunov,E (2461)-Caruana,F (2781) Chess.com INT 2022}) 12... f5 13. b4 {[%emt 0:00:17] Against Nc5} Nf6 {[%emt 0:05:02] [#]} 14. exf5 $1 Bxf5 15. Rb3 g5 {[%emt 0:12:00] Against Nh4} (15... c6 $142) 16. h3 (16. h4 $142) 16... axb4 $16 17. axb4 c5 18. dxc6 $1 bxc6 19. Ba3 Nc7 20. b5 c5 21. Bb2 Ne6 $1 22. Bd3 (22. Nd5 $14) 22... Bxd3 $15 23. Qxd3 Nd4 24. Ra3 (24. Nd2 $15) 24... Rxa3 $17 25. Bxa3 Qa5 $36 {[%emt 0:00:27][%mdl 2048] Black has strong initiative.} 26. Bb2 e4 $1 {[%emt 0:03:41] Black is more active.} 27. Rxe4 Nxe4 28. Nxe4 {[%emt 0:00:05][%cal Oe4f6] Strongly threatening Nf6+!} Nxf3+ 29. gxf3 Qe1+ (29... Bxb2 $142 30. Nf6+ Kf8 31. Qxd6+ (31. Nxe8 Qe1+ 32. Kg2 Bd4 $17) 31... Re7) 30. Kg2 Bxb2 31. Qd5+ {[%emt 0:00:18] This costs White the game.} (31. Qxd6 $11 Bg7 32. Qc6) 31... Kh8 {[%emt 0:00:24] Hoping for ...Bg7.} 32. Qf7 {[%emt 0:00:35] [#]} Rg8 {[%emt 0:02:56] And now ...Bg7 would win.} 33. Qe6 (33. b6 $17 Qb1 34. Nxd6) 33... Bg7 $19 34. b6 $2 (34. Qxd6 Qb4 35. Nf6) 34... Rf8 {[%emt 0:00:33] ...Qd1 is the strong threat. Black is clearly winning.} 35. Qxd6 Qe2 36. Nd2 Qe5 37. Qc6 Qf4 38. Qd5 Qd4 39. Ne4 Qxd5 40. cxd5 c4 {[%emt 0:00:25] Weighted Error Value: White=0.69/Black=0.11 (very precise)} 0-1

[Event "ESP-chT Honor Division 2022"]
[Site "Linares"]
[Date "2022.09.22"]
[Round "6.9"]
[White "Del Rio De Angelis, Salvador G."]
[Black "Pichot, Alan"]
[Result "0-1"]
[ECO "E48"]
[WhiteElo "2456"]
[BlackElo "2641"]
[Annotator "TA"]
[PlyCount "76"]
[EventDate "2022.09.17"]
[EventType "team-tourn"]
[EventCountry "ESP"]
[SourceTitle "playchess.com"]
[Source "ChessBase"]
[SourceQuality "1"]
[TimeControl "5400+30"]

1. d4 Nf6 2. c4 e6 3. Nc3 Bb4 4. e3 O-O 5. Bd3 d5 6. cxd5 exd5 7. a3 Bd6 8. Nge2 {[%emt 0:00:28] [#]} Na6 $146 {[%emt 0:04:47] E48: Nimzo-Indian: Rubinstein: 5 Bd3 d5 including 6 Ne2, but excluding 6 a3.} ({Predecessor:} 8... Re8 9. Qc2 c5 10. dxc5 Bxc5 11. O-O Nc6 12. Rd1 Bb6 13. Ng3 Bg4 14. Be2 Bxe2 15. Ncxe2 Rc8 16. Bd2 {½-½ (43) Sethuraman,S (2619)-Erigaisi,A (2660) chess24.com INT 2022}) 9. b4 c6 10. O-O Nc7 {[%emt 0:01:25] The position is equal.} 11. Rb1 Ne4 (11... Ng4 {is more complex.} 12. g3 Re8 13. b5 cxb5 14. Nxb5 Nxb5 15. Bxb5 Bf5) 12. f3 (12. b5 {looks sharper.} Qh4 13. g3 Qe7 14. Qc2) 12... Nxc3 13. Nxc3 f5 14. Rb2 a5 15. Na4 Ne8 16. Qb3 axb4 17. axb4 Nf6 18. b5 Qa5 19. Nc3 {[%emt 0:06:06] Strongly threatening Ra2.} Qc7 {[%emt 0:02:33] aiming for ...Ra3.} 20. f4 Ra3 21. Qc2 Ne4 22. Rb3 Ra8 23. bxc6 bxc6 24. Nb1 c5 25. dxc5 Nxc5 (25... Bxc5 $2 26. Bxe4 fxe4 27. Rc3 $18) 26. Rc3 Qe7 27. Be2 {[%emt 0:05:09] [#]} (27. Rd1 $11 {keeps the balance.}) 27... Ne4 $1 $17 28. Rd3 Ba6 (28... Be6 $17 29. Bf3 Rfc8) 29. Rxd5 $15 Rfc8 30. Qa2 Bxe2 31. Qxe2 Rab8 {[%emt 0:04:14] [#]} (31... Qc7 $17 32. Qd3 Ra1) 32. Rxf5 $1 $11 Qd7 33. Ra5 Qc7 $36 {[%emt 0:01:59][%mdl 2048] Black is more active.} 34. Qa2+ Kh8 {[%emt 0:00:04] Hoping for ...Qxc1. Active counter play!} 35. Bd2 Bc5 {[%emt 0:03:54] Threatens to win with ...Qd6.} 36. Ra4 {[%emt 0:00:34] [#]} (36. h3 $1 $11) 36... Qc6 $1 $17 {[%emt 0:00:17][%mdl 1024] Black has strong compensation.} 37. Ra6 (37. Kh1 $17) 37... Qb5 38. Ra5 $2 (38. Re6 {was called for.} Ra8 39. Qxa8 Rxa8 40. Rxe4) 38... Qe2 {[%emt 0:01:03] Weighted Error Value: White=0.30/Black=0.11 (very precise)} 0-1

[Event "ESP-chT Honor Division 2022"]
[Site "Linares"]
[Date "2022.09.22"]
[Round "6.10"]
[White "Perez Candelario, Manuel"]
[Black "Suarez Garcia, Carlos"]
[Result "1-0"]
[ECO "B07"]
[WhiteElo "2566"]
[BlackElo "2455"]
[Annotator "TA"]
[PlyCount "103"]
[EventDate "2022.09.17"]
[EventType "team-tourn"]
[EventCountry "ESP"]
[SourceTitle "playchess.com"]
[Source "ChessBase"]
[SourceQuality "1"]
[TimeControl "5400+30"]

1. e4 d6 2. d4 Nf6 3. Nc3 g6 4. Be3 a6 5. h3 b5 {[%emt 0:02:36] [#]} 6. e5 $1 {[%emt 0:05:52] B07: Pirc Defence: Miscellaneous Systems.} b4 7. exf6 bxc3 8. fxe7 {[%emt 0:02:53] White is better.} Qxe7 9. bxc3 Bg7 10. Nf3 (10. Qf3 $16 Ra7 11. Rb1) 10... O-O $14 11. Bd3 {[%emt 0:02:30] [#]} c5 $146 ({Predecessor:} 11... Nd7 12. O-O Nb6 13. Re1 Be6 14. Qc1 Bd5 15. Bh6 Qd7 16. Nh2 f5 17. Bxg7 Kxg7 {1-0 (30) Degraeve,R-Moncamp,G (2119) Allauch 2022}) 12. O-O Bb7 13. Re1 ({White should try} 13. Rb1 $16) 13... Qc7 $1 14. Bf4 $36 {[%emt 0:07:41][%mdl 2048] White has strong initiative.} c4 15. Bf1 {[%emt 0:05:51] Threatens to win with Nd2.} Nd7 16. Nd2 Nb6 (16... Bd5 $1 $14) 17. Qc1 $16 Qc6 (17... Rfb8 $16 18. Qa3 Bf8) 18. Rb1 $18 Bc8 19. Qa3 d5 20. Qd6 (20. Qa5 $18 Nd7 21. g4) 20... Qxd6 $16 21. Bxd6 Na4 22. Bxf8 {[%emt 0:01:43] White is more active.} Kxf8 23. Nf3 Nxc3 24. Rb6 Nxa2 $2 {[%emt 0:08:39] [#] Black cannot hold the game after this.} (24... Be6 $16) 25. Re3 $1 $18 c3 26. Re1 {[%emt 0:01:21] Hoping for Ra1.} Bh6 27. Ra1 Nc1 28. g4 {[%emt 0:02:35] And now g5 would win.} Bf4 29. Rbb1 a5 30. Rxc1 Bxc1 31. Rxc1 a4 32. Ra1 a3 33. Ne5 Ra4 34. Nd3 Ke7 35. f3 h5 36. Kf2 ({Less strong is} 36. Nc5 Ra5 37. Kf2 hxg4 38. hxg4 g5 $18) 36... hxg4 37. hxg4 g5 38. Ke3 f5 39. gxf5 Bxf5 40. Nc5 Ra5 41. Bd3 Kf6 42. Nb3 Ra8 43. Nc1 Re8+ 44. Kf2 Ra8 45. Bxf5 Kxf5 {[%emt 0:00:04][%mdl 4096] Endgame KRN-KR} 46. Ne2 a2 47. Ke3 Ra4 48. Kd3 Ra3 49. Nxc3 Kf4 50. Rxa2 {[%emt 0:00:07] White mates.} Rxa2 51. Nxa2 Kxf3 52. Nc3 {[%emt 0:00:07] Weighted Error Value: White=0.10 (very precise) /Black=0.27 (precise)} 1-0